Map: 시뮬레이크럼 - 래더

Players

IntoTheZoun (Zoun)

  • Race: Protoss Protoss
  • League: Master
  • Spawn Location: 11:00

Armani - Winner!

  • Race: Zerg Zerg
  • League: Grandmaster
  • Spawn Location: 5:00

VOD

Have the link to the VOD?

Description

Time

  • Played on: Jan. 15, 2020, 5:56 a.m.
  • Length: 14:40
Show
View Real Time Build Order
Export as new Build Order

IntoTheZoun Protoss 

Build Orders: 1 Gate Expand, Archon Immortal 

Get SALT Encoding   

  12  0:00  Probe  
  13  0:12  Probe  
  14  0:20  Pylon  
  14  0:24  Probe  
  15  0:38  Probe (Chrono Boost)  
  15  0:40  Gateway  
  16  0:47  Probe (Chrono Boost), Assimilator  
  17  0:52  Probe (Chrono Boost)  
  18  1:04  Probe  
  19  1:16  Probe  
  20  1:23  Nexus  
  20  1:36  Cybernetics Core  
  20  1:37  Probe  
  21  1:42  Assimilator  
  21  1:49  Probe  
  21  1:53  Pylon  
  22  2:01  Probe  
  23  2:09  Adept (Chrono Boost)  
  23  2:10  Probe  
  26  2:19  Twilight Council  
  26  2:20  Warp Gate, Probe  
  27  2:34  Probe (Chrono Boost)  
  28  2:37  Probe (Chrono Boost), Stalker  
  32  2:47  Probe x2 (Chrono Boost)  
  33  2:52  Probe (Chrono Boost)  
  33  2:58  Probe, Resonating Glaives (Chrono Boost)  
  35  3:05  Probe  
  36  3:09  Robotics Facility  
  36  3:11  Probe  
  37  3:17  Probe  
  37  3:19  Gateway  
  38  3:21  Adept  
  38  3:23  Probe  
  41  3:27  Pylon  
  41  3:29  Probe  
  42  3:35  Probe  
  43  3:41  Probe  
  43  3:46  Gateway  
  43  3:47  Probe, Gateway  
  45  3:53  Warp Prism (Chrono Boost)  
  45  3:57  Probe  
  45  4:02  Probe, Pylon  
  49  4:08  Adept  
  51  4:13  Adept  
  53  4:18  Probe, Assimilator  
  53  4:19  Pylon  
  53  4:20  Probe  
  53  4:21  Assimilator  
  56  4:24  Observer  
  56  4:31  Pylon  
  56  4:33  Probe  
  57  4:41  Adept x3  
  57  4:42  Adept  
  65  4:50  Probe x2  
  67  5:02  Adept x4  
  67  5:04  Probe  
  75  5:12  Probe  
  76  5:19  Nexus  
  76  5:20  Pylon  
  76  5:23  Probe, Pylon  
  76  5:24  Probe  
  78  5:28  Charge  
  78  5:31  Forge  
  78  5:43  Immortal  
  78  5:49  Sentry x4  
  86  5:52  Probe x2 (Chrono Boost)  
  92  5:58  Protoss Ground Weapons Level 1 (Chrono Boost)  
  92  6:00  Shield Battery  
  92  6:03  Probe (Chrono Boost), Pylon  
  93  6:06  Probe (Chrono Boost)  
  94  6:12  Pylon x2  
  94  6:21  Probe  
  95  6:28  Probe  
  100  6:33  Immortal (Chrono Boost)  
  100  6:35  Templar Archives  
  92  6:48  Probe  
  92  6:53  Probe  
  92  6:54  Probe  
  93  6:56  Assimilator  
  93  6:57  Gateway, Assimilator  
  93  6:58  Gateway  
  93  6:59  Gateway  
  93  7:00  Probe  
  94  7:01  Gateway  
  94  7:08  Shield Battery  
  94  7:09  Immortal (Chrono Boost)  
  94  7:11  Probe x2  
  94  7:12  Probe  
  94  7:15  Stalker x3  
  103  7:17  Psionic Storm  
  107  7:23  Probe x2, Photon Cannon  
  107  7:24  Probe  
  110  7:31  Observer  
  110  7:33  High Templar  
  110  7:36  Probe x2  
  114  7:38  Shield Battery  
  114  7:40  Shield Battery  
  114  7:41  Protoss Ground Weapons Level 2 (Chrono Boost)  
  114  7:44  High Templar x3  
  118  7:50  Immortal (Chrono Boost)  
  122  8:00  Robotics Facility  
  122  8:01  Pylon  
  122  8:02  Photon Cannon  
  122  8:07  Pylon  
  122  8:09  Observer  
  122  8:10  Photon Cannon  
  122  8:12  Photon Cannon  
  122  8:15  Photon Cannon  
  122  8:17  Blink  
  122  8:30  Immortal (Chrono Boost)  
  122  8:31  Pylon  
  122  8:32  Pylon, High Templar x2  
  130  8:37  Probe x3  
  133  8:46  Nexus  
  133  8:50  Pylon  
  133  8:52  High Templar  
  133  8:53  High Templar  
  137  8:56  Archon  
  137  9:02  Photon Cannon  
  137  9:06  Immortal  
  141  9:13  Shield Battery  
  141  9:14  Shield Battery  
  141  9:17  High Templar x2  
  141  9:21  Warp Prism  
  147  9:25  Probe x3  
  147  9:26  Pylon  
  150  9:41  High Templar x2  
  154  9:45  Archon  
  154  9:46  Photon Cannon  
  154  9:50  Stalker  
  134  10:00  Stalker x3  
  134  10:04  Archon  
  140  10:08  Immortal x2 (Chrono Boost)  
  140  10:09  Protoss Ground Weapons Level 3 (Chrono Boost)  
  140  10:11  Nexus  
  140  10:12  Pylon  
  148  10:15  Probe x3  
  148  10:20  Pylon  
  147  10:31  High Templar x2  
  147  10:32  Pylon  
  151  10:36  Shield Battery  
  151  10:38  Shield Battery  
  151  10:45  Observer (Chrono Boost)  
  152  10:52  High Templar x2  
  152  10:56  Archon  
  134  11:07  Zealot x2  
  134  11:08  Zealot x3  
  134  11:11  Archon  
  118  11:16  Zealot  
  118  11:17  Immortal  
  118  11:18  Immortal  
  114  11:20  Archon  
  114  11:25  High Templar  
  104  11:28  Probe  
  104  11:29  Probe x2  
  107  11:35  High Templar  
  109  11:44  Nexus  
  109  11:46  Shield Battery  
  109  11:48  Probe x2  
  109  11:49  Probe, Photon Cannon  
  109  11:50  High Templar x2  
  116  11:58  Zealot x5  
  129  12:01  Immortal  
  129  12:09  Nexus  
  129  12:10  Sentry  
  129  12:13  Pylon  
  131  12:19  Zealot x3  
  131  12:21  High Templar x2  
  141  12:28  Probe x3  
  144  12:35  Archon  
  144  12:45  Nexus  
  144  12:47  Stargate  
  144  12:54  Stalker x5  
  144  12:58  Zealot x2  
  152  13:11  Archon  
  146  13:16  High Templar, Shield Battery  
  146  13:17  High Templar, Shield Battery  
  150  13:20  Zealot x3  
  150  13:26  Archon  
  155  13:29  Zealot x3, Observer  
  160  13:37  Probe x3  
  159  13:44  Zealot x3  
  153  13:59  High Templar x4  
  153  14:01  Stalker  
  153  14:03  Archon x2  
  147  14:17  Stalker x3  
  115  14:18  Pylon  
  115  14:20  Probe x2  
  115  14:21  Assimilator  
  107  14:30  Stalker  
  99  14:35  Stalker x4  
Show
View Real Time Build Order
Export as new Build Order

Armani Zerg - Winner!

Build Orders: Hatch First, Brood Lord Corruptor 

Get SALT Encoding   

  12  0:00  Drone  
  13  0:15  Overlord  
  13  0:18  Drone  
  14  0:33  Drone  
  14  0:34  Drone  
  16  0:49  Hatchery  
  15  0:53  Drone  
  15  0:56  Drone  
  17  0:58  Drone  
  18  1:10  Extractor  
  17  1:14  Spawning Pool  
  17  1:17  Drone  
  17  1:20  Drone  
  18  1:31  Drone  
  19  1:41  Drone  
  20  1:55  Overlord  
  20  2:00  Queen  
  20  2:01  Queen  
  22  2:02  Zergling x2  
  22  2:03  Zergling x2  
  26  2:11  Metabolic Boost  
  26  2:12  Drone  
  26  2:13  Drone  
  28  2:31  Hatchery  
  28  2:34  Drone  
  28  2:40  Drone  
  28  2:43  Queen  
  31  2:51  Overlord  
  31  2:53  Drone  
  31  2:55  Drone  
  31  2:57  Drone  
  34  3:00  Drone  
  34  3:03  Drone  
  35  3:11  Drone x4  
  39  3:15  Drone  
  40  3:21  Queen  
  40  3:24  Overlord  
  40  3:26  Drone  
  43  3:44  Drone  
  43  3:46  Drone  
  43  3:48  Drone  
  46  3:49  Drone x3  
  46  3:52  Roach Warren, Overlord  
  46  3:53  Drone x2  
  50  3:55  Drone  
  50  4:02  Lair  
  51  4:03  Overlord  
  51  4:05  Extractor  
  51  4:06  Extractor  
  49  4:10  Zergling x10  
  49  4:13  Zergling x2  
  49  4:14  Zergling x2  
  49  4:16  Overlord  
  56  4:32  Roach x5  
  56  4:34  Drone x2  
  56  4:36  Roach  
  56  4:37  Zergling x4  
  72  4:43  Roach  
  72  4:44  Roach  
  75  4:47  Zergling x4  
  75  4:48  Drone  
  75  4:51  Drone  
  79  4:55  Drone  
  79  4:58  Drone  
  81  5:01  Glial Reconstitution  
  81  5:03  Overseer  
  81  5:09  Overseer  
  81  5:12  Overlord  
  81  5:13  Drone  
  81  5:19  Overlord  
  81  5:25  Evolution Chamber  
  81  5:26  Drone  
  81  5:30  Overlord  
  81  5:31  Drone x7  
  81  5:32  Drone  
  89  5:40  Roach x3  
  94  5:44  Drone  
  94  5:45  Drone x2  
  94  5:46  Drone  
  93  5:51  Zergling x10  
  93  5:56  Extractor  
  97  5:57  Extractor, Drone  
  97  6:00  Drone  
  97  6:02  Zerg Melee Weapons Level 1  
  97  6:03  Drone  
  99  6:08  Drone  
  100  6:15  Drone x2  
  100  6:16  Drone x2  
  100  6:17  Drone x2  
  106  6:21  Extractor  
  106  6:25  Drone x2  
  106  6:26  Drone  
  106  6:28  Hatchery, Baneling Nest, Overlord x3  
  106  6:29  Overlord  
  106  6:30  Overlord  
  104  6:35  Roach  
  100  6:47  Drone x2  
  100  6:48  Zergling x8  
  100  6:50  Roach  
  106  6:55  Drone x2  
  106  6:58  Drone x5, Pneumatized Carapace  
  106  7:00  Drone  
  114  7:04  Drone  
  115  7:11  Drone x2  
  115  7:12  Overlord  
  115  7:13  Centrifical Hooks  
  115  7:15  Drone  
  118  7:17  Drone x2  
  118  7:19  Ravager  
  118  7:20  Ravager x3  
  118  7:22  Overlord x3  
  124  7:24  Roach  
  124  7:25  Drone  
  124  7:26  Drone  
  128  7:30  Drone x2  
  128  7:34  Hatchery  
  128  7:35  Drone  
  130  7:43  Roach x4  
  130  7:44  Zergling x2  
  139  7:50  Drone  
  140  7:52  Drone x2, Evolution Chamber  
  140  7:53  Drone x5  
  140  7:54  Drone  
  140  7:57  Zerg Melee Weapons Level 2  
  147  8:02  Drone  
  147  8:03  Extractor, Drone  
  147  8:05  Overlord  
  148  8:07  Zergling x6  
  148  8:09  Roach  
  153  8:15  Roach, Ravager x3  
  153  8:16  Roach  
  153  8:17  Zergling x14  
  153  8:18  Overlord  
  167  8:21  Zerg Ground Armor Level 1  
  167  8:27  Hatchery  
  167  8:29  Infestation Pit  
  167  8:33  Spine Crawler  
  163  8:36  Spine Crawler  
  163  8:39  Baneling x4  
  163  8:40  Zergling x12  
  168  8:42  Spore Crawler  
  168  8:45  Spore Crawler  
  168  8:46  Baneling x13  
  166  8:51  Baneling x2  
  166  8:52  Baneling x11  
  166  8:56  Zergling x10  
  171  9:03  Zergling x14  
  171  9:08  Zergling x12  
  183  9:12  Hive  
  183  9:16  Spire  
  182  9:23  Baneling x8  
  182  9:24  Baneling x12  
  182  9:27  Overlord  
  182  9:30  Zergling x10  
  187  9:43  Zergling x16  
  187  9:45  Overlord  
  195  9:47  Overlord  
  161  10:00  Zergling x42  
  178  10:10  Drone  
  178  10:12  Zergling x22  
  190  10:25  Adrenal Glands  
  190  10:27  Baneling x15  
  190  10:28  Ravager, Baneling x10  
  190  10:29  Ravager  
  190  10:31  Greater Spire  
  192  10:37  Baneling x10  
  192  10:39  Baneling x3  
  192  10:45  Zergling x12  
  192  10:47  Spine Crawler  
  196  10:52  Baneling x12  
  196  10:54  Spine Crawler  
  147  11:14  Zergling x48  
  152  11:33  Corruptor x7  
  152  11:35  Zergling x6  
  152  11:38  Overseer  
  169  11:45  Drone x2  
  169  11:46  Extractor, Drone x2  
  171  12:14  Brood Lord x6  
  183  12:16  Zergling x14  
  183  12:21  Brood Lord  
  192  12:23  Drone  
  192  12:25  Extractor, Drone  
  192  12:26  Spine Crawler  
  192  12:28  Overlord  
  192  12:30  Corruptor x2  
  183  12:39  Corruptor x2  
  183  12:41  Zergling x14  
  183  12:42  Zergling x16  
  200  12:49  Baneling x9  
  200  12:50  Baneling  
  200  12:53  Baneling x3  
  200  12:54  Overseer  
  200  12:58  Baneling  
  200  12:59  Baneling x3  
  189  13:13  Brood Lord x2  
  189  13:18  Baneling x7  
  193  13:22  Zergling x2  
  193  13:23  Zergling x10  
  198  13:44  Baneling x9  
  198  13:47  Zergling x6  
  191  14:00  Brood Lord x2  
  191  14:01  Zergling x20  
  168  14:17  Zergling x2  
  168  14:18  Zergling x50  
Tags
 
Add a new tag
Caveats
  • Supply blocks, unpowered buildings, or Contaminate may cause inaccurate times.
  • Supply counts are checked every 10 seconds.